 Dungeon Crawl Stone Soup version 0.17.2-1-ge4368a0 (webtiles) character file.

212 Melancholia the Insei (level 5, -1/43 HPs)
             Began as a Mummy Monk on Apr 20, 2017.
             Killed by divine providence
             ... invoked by an orc priest
              (9 damage)
             ... on level 3 of the Dungeon.
             The game lasted 00:04:12 (4960 turns).

Melancholia the Insei (Mummy Monk)                  Turns: 4960, Time: 00:04:12

Health: -1/43      AC:  1    Str: 14    XL:     5   Next: 58%
Magic:  5/5        EV: 13    Int: 10    God:
Gold:   78         SH:  0    Dex: 15    Spells: 0 memorised, 4 levels left

rFire  x . .     SeeInvis .       - Unarmed
rCold  + . .     Clarity  .     (no armour)
rNeg   + + +     SustAt   .     (no shield)
rPois  ∞         Gourm    .     (no helmet)
rElec  .         Spirit   .     (no cloak)
rCorr  .         Warding  .     (no gloves)
rMut   .         Stasis   .     d - +0 pair of boots
MR     .....                    (no amulet)
Stlth  ++........               (no ring)
                                (no ring)

@: not resistant to hostile enchantments, unstealthy
A: no food or potions, fire vulnerability, cold resistance 1, negative energy
resistance 3, torment resistance, unbreathing
a: no special abilities


You were on level 3 of the Dungeon.
You were not hungry.

You visited 1 branch of the dungeon, and saw 3 of its levels.

You collected 78 gold pieces.


Innate Abilities, Weirdness & Mutations

You do not eat or drink.
Your flesh is vulnerable to fire.
You are immune to poison.
Your flesh is cold resistant.
You are immune to negative energy.
You are immune to unholy pain and torment.
You can survive without breathing.


   Skills:
 + Level 4.5 Fighting
 - Level 2.4 Dodging
 - Level 1.5 Stealth
 - Level 5.0 Unarmed Combat


You had 4 spell levels left.
You didn't know any spells.

Inventory:

Armour
 d - a +0 pair of boots (worn)
Jewellery
 f - an uncursed amulet of resist mutation {unknown}
Scrolls
 a - 2 scrolls of noise {unknown}
 b - 2 scrolls of identify {unknown}
 c - a scroll of fear {unknown}
 e - a scroll of remove curse {unknown}
 g - a scroll of teleportation {unknown}
 h - 2 scrolls of random uselessness {unknown}

Dungeon Overview and Level Annotations

Branches:
Dungeon (3/15)

Altars:
Ashenzari
Gozag
Nemelex Xobeh

▒▒..▒...▒..._...▒.K.o......
....▒...'.)...⌠.▒o▒▒▒......
▒▒▒▒▒...▒..._...▒o▒ .....
▒...▒.......▒o▒ ....
▒▒▒▒▒...▒▒..8..▒▒.▒ ...
........▒▒▒...▒▒▒.▒ ..
▒▒▒▒▒.▒.▒ ▒▒▒▒▒ ▒.▒ .
......▒.▒▒▒▒▒▒▒▒▒o▒
▒▒▒▒▒▒▒.........M.▒
▒▒▒▒▒▒▒▒▒▒▒▒▒


You could see an orc priest and 3 orcs.


Message History

The adder bites you!
You take 2 damage, and have 31/43 hp!
You see here a stone!
The adder bites you!
An orc comes into view! It is wielding a club!
You take 2 damage, and have 30/43 hp!
You pummel the adder like a punching bag!
The adder is heavily wounded!
The adder bites you!
You take 5 damage, and have 25/43 hp!
You beat the adder into a bloody pulp!
The adder is almost dead!
The adder bites you! * * * don't die
* * * You take 5 damage, and have 20/43 hp!
You pulverise the adder but do no damage!
You punch the adder!
You annihilate the adder!!!
You barely miss the orc! The orc hits you! * * * don't die
* * * You take 4 damage, and have 16/43 hp!
You see here a rat corpse!
The orc priest calls down the wrath of Beogh upon you!
Something smites you!!! * * * don't die
* * * You take 9 damage, and have 8/43 hp!
MASSIVE DAMAGE!!!!!!
The orc priest looks braver for a moment!
The orc priest calls down the wrath of Beogh upon you!
Something smites you!!! rip

Action                   |  1- 3 |  4- 6 || total
-------------------------+-------+-------++-------
Melee: Unarmed           |   138 |   163 ||   301
 Stab: Sleeping          |     3 |     8 ||    11

Vault maps used:
D:1:      minmay_arrival_nine_rooms
D:3:      grunt_temple_overflow_opulence, nicolae_qazlal_eye_of_the_storm,
          nicolae_overflow_crystal_walls, first_bread, uniq_natasha

Notes
Turn   | Place    | Note
--------------------------------------------------------------
     0 | D:1      | Melancholia the Mummy Monk began the quest for the Orb.
     0 | D:1      | Reached XP level 1. HP: 18/18 MP: 1/1
   385 | D:1      | Reached XP level 2. HP: 14/24 MP: 2/2
  1313 | D:1      | Reached skill level 4 in Unarmed Combat
  1627 | D:1      | Reached XP level 3. HP: 29/29 MP: 3/3
  2439 | D:2      | Reached XP level 4. HP: 30/35 MP: 4/4
  3065 | D:3      | Reached skill level 5 in Unarmed Combat
  3217 | D:3      | Found an opulent altar of Gozag.
  3218 | D:3      | Found a sparkling altar of Nemelex Xobeh.
  3392 | D:3      | Found a shattered altar of Ashenzari.
  3533 | D:3      | Noticed Natasha
  4335 | D:3      | Killed Natasha
  4335 | D:3      | Reached XP level 5. HP: 35/42 MP: 5/5
  4472 | D:3      | Noticed Natasha
  4479 | D:3      | Killed Natasha
  4479 | D:3      | Reached skill level 4 in Fighting
  4636 | D:3      | Noticed Natasha
  4641 | D:3      | Killed Natasha
  4760 | D:3      | Found a sparkling altar of Nemelex Xobeh.
  4761 | D:3      | Found an opulent altar of Gozag.
  4960 | D:3      | Killed from afar by an orc priest

Vanquished Creatures
  A giant frog skeleton (D:3)
  Natasha (thrice) (D:3)
  8 adders
  An ooze (D:2)
  2 worms (D:3)
  2 giant geckos (D:1)
  An orc (D:3)
  10 bats
  2 giant cockroaches
  11 hobgoblins
  2 jackals (D:3)
  8 kobolds
  2 ball pythons
  2 giant newts
  8 goblins
  A quokka (D:2)
  6 rats
70 creatures vanquished.
